 Dungeon Crawl Stone Soup version 0.30-a0-632-g346586fe48 (webtiles) character file.

Game seed: 2814015618585424253

237 sokol815 the Firebug (level 6, -3/36 HPs)
             Began as an Octopode Fire Elementalist on Jan 14, 2023.
             Was a Follower of Jiyva.
             Slain by an iguana (8 damage)
             ... on level 4 of the Dungeon.
             The game lasted 00:07:20 (3418 turns).

sokol815 the Firebug (Octopode Fire Elementalist)   Turns: 3418, Time: 00:07:20

Health: -3/36      AC:  1    Str:  7    XL:     6   Next: 6%
Magic:  8/9        EV: 13    Int: 20    God:    Jiyva [*.....]
Gold:   162        SH:  0    Dex: 12    Spells: 8/9 levels left

rFire   . . .      SeeInvis .    a - +0 short sword (holy)
rCold   . . .      Faith    .    (no shield)
rNeg    . . .      Spirit   .    (helmet restricted)
rPois   .          Reflect  .    n - amulet of magic regeneration
rElec   .          Harm     .    (no ring)
rCorr   .          Rampage  .    (no ring)
Will    .....                    (no ring)
Stlth   +++                      (no ring)
HPRegen 1.06/turn                (no ring)
MPRegen 0.76/turn                (no ring)
                                 (no ring)
                                 (no ring)

@: no status effects
A: almost no armour, amphibious, 8 rings, camouflage 1, gelatinous body 1,
(nimble swimmer 1), tentacles
a: Renounce Religion


You were on level 4 of the Dungeon.
You worshipped Jiyva.
Jiyva was aware of your devotion.
You visited 1 branch of the dungeon, and saw 4 of its levels.
You also visited: Sewer.

You collected 162 gold pieces.

Inventory:

Hand Weapons
 a - a +0 short sword of holy wrath (weapon)
   (You took it off a kobold on level 3 of the Dungeon)
 r - a +0 trident
   (You found it on level 1 of the Dungeon)
Missiles
 m - a throwing net {!d}
 s - 38 stones
Jewellery
 n - an amulet of magic regeneration (around mantle)
   (You found it on level 2 of the Dungeon)
Scrolls
 c - 2 scrolls of identify {unknown}
 d - a scroll of fog {unknown}
 e - a scroll of blinking {unknown}
 f - 3 scrolls of teleportation {unknown}
 g - 2 scrolls of magic mapping {unknown}
 j - a scroll of enchant weapon {unknown}
 k - a scroll of silence {unknown}
 t - a scroll of fear {unknown}
Potions
 b - 3 potions of brilliance {unknown}
 h - a potion of might {unknown}
 i - 2 potions of heal wounds {unknown}
 l - a potion of attraction {unknown}
 o - a potion of flight {unknown}
 p - 2 potions of haste {unknown}
 q - a potion of curing {unknown}
 M - 3 potions of magic


   Skills:
 - Level 2.0 Dodging
 - Level 2.6 Stealth
 - Level 2.0 Spellcasting
 + Level 4.6 Conjurations
 + Level 4.6 Fire Magic


You had 8 spell levels left.
You knew the following spells:

 Your Spells              Type           Power      Damage    Failure   Level
a - Foxfire               Conj/Fire      80%        2x1d8     2%          1

Your spell library contained the following spells:

 Spells                   Type           Power      Damage    Failure   Level
 Scorch                   Fire           40%        2d7       3%          2
 Momentum Strike          Conj/Tloc      22%        3d8       10%         2
 Inner Flame              Hex/Fire       11%        N/A       19%         3
 Blink                    Tloc           4%         N/A       24%         2
 Flame Wave               Conj/Fire      20%        2d7       24%         4
 Kindle Blastsparks       Fire/Tloc/Air  16%        2d11      26%         3
 Lesser Beckoning         Tloc           4%         N/A       43%         3


Dungeon Overview and Level Annotations

Branches:
Dungeon (4/15) Zot: 20818  Temple (0/1) D:4           Sewer (visited)

Altars:
Ashenzari
Dithmenos
Qazlal


Innate Abilities, Weirdness & Mutations

You cannot wear most types of armour.
You are amphibious.
You can wear up to eight rings at the same time.
Your skin changes colour to match your surroundings (Stealth+).
Your rubbery body absorbs attacks. (AC +1, EV +1)
((You are camouflaged when in or above water. (Stealth+)))
You have tentacles for arms and can constrict up to eight enemies at once.


Message History

There is a stormy altar of Qazlal here.
You swap places.
You swap places.
You hear a series of splatters.
You swap places.
Partly explored, can't reach some places.
Health restored: 36 What are your orders? t - Shout!
Orders for allies: a - Attack new target. r - Retreat! s - Stop attacking. g - Guard the area. f - Follow me.
Anything else - Cancel.
You shout for attention!
Done exploring.
There is a stone staircase leading down here.
You climb downwards.
There is a stone staircase leading up here.
Found a stone staircase leading down.
You hear a distant slurping noise.
A kobold comes into view. It is wielding a +0 short sword.
You conjure some foxfire!
You conjure some foxfire!
You now have 8/9 mp.
You conjure some foxfire!
The foxfire hits the kobold!
You kill the kobold!
No target in view!
Jiyva says: Divide and consume!
You hear a distant slurping noise. x2
s - 33 stones (gained 2)
Things that are here:
a +0 short sword; a kobold corpse You now have 155 gold pieces (gained 13).
You hear a distant slurping noise. x2
You hear a distant slurping noise.
You hear a distant slurping noise.
You hear a distant slurping noise.
f - 2 scrolls labelled PAOLURA QIOTIRU (gained 1)
Found an escape hatch in the floor.
MP restored: 9 You hear a distant slurping noise.
There is an escape hatch in the floor here.
Found a stone staircase leading down.
You hear a slurping noise.
You hear a distant slurping noise.
f - 3 scrolls labelled PAOLURA QIOTIRU (gained 1)
You swap places.
You now have 162 gold pieces (gained 7).
Found a stone staircase leading up.
Found an escape hatch in the ceiling.
There is an escape hatch in the ceiling here.
There is a stone staircase leading up here.
There is a stone staircase leading down here.
You hear a distant slurping noise.
You hear a distant slurping noise.
You hear a distant slurping noise.
Found a staircase to the Ecumenical Temple.
You hear a distant slurping noise.
A kobold comes into view. It is wielding a +0 dagger.
You conjure some foxfire!
You conjure some foxfire!
You now have 8/9 mp.
You conjure some foxfire!
The foxfire hits the kobold.
The kobold shouts!
The foxfire hits the kobold.
You kill the kobold!
No target in view!
No target in view!
There is a staircase to the Ecumenical Temple here.
s - 38 stones (gained 5)
You see here a +0 dagger.
t - a scroll labelled CEAHAKULEA MP restored: 9 You hear a distant slurping noise. x2
An iguana comes into view.
You hit the iguana but do no damage. You grab the iguana.
You constrict the iguana, but do no damage.
The iguana bites you.
You take 5 damage, and have 31/36 hp.
You hit the iguana. You constrict the iguana. The iguana closely misses you.
You hit the iguana. You constrict the iguana. The iguana bites you!
You take 6 damage, and have 26/36 hp.
You hit the iguana but do no damage.
You constrict the iguana, but do no damage.
The iguana bites you!
You take 7 damage, and have 19/36 hp.
You are too injured to fight recklessly!
You are too injured to fight recklessly!
You release your grip on the iguana.
You conjure some foxfire!
The iguana bites you!
* * * LOW HITPOINT WARNING * * *
You take 13 damage, and have 7/36 hp.
MASSIVE DAMAGE!!
The iguana attacks as you move away! The iguana bites you.
* * * LOW HITPOINT WARNING * * *
You take 4 damage, and have 4/36 hp.
You conjure some foxfire!
The iguana bites you!
You die...

##...# #....+ ## #.
#..... #. #. #...## #.
#.####..#.. #.
#.......#.. #.#####
#........#.
#...lv#.#####....#....
#####@#..........#..##
#...v# ####.....#.#.)
#.#### #.#####.... #.#
#####.# ##..# #.#
#.....# ##.. #.#
#.##### ### #.# #.#
#.# #.# #.# #.#


You could see an iguana (ally target).

Vanquished Creatures
  3 jellies (Sewer)
  3 gnolls (D:2)
  3 adders
  2 river rats (Sewer)
  2 worms
  A dart slug (D:2)
  10 endoplasms
  5 giant cockroaches
  6 goblins
  4 hobgoblins
  8 kobolds
  5 quokkas
  8 ball pythons
  4 frilled lizards
  4 rats
68 creatures vanquished.

Vanquished Creatures (others)
  A hound (D:3)
  A jelly (D:3)
  Ijyb (D:3)
  3 gnolls (D:4)
  2 adders (D:3)
  A goblin (D:3)
  3 kobolds
  A ball python (D:3)
  A bat (D:3)
  2 rats (D:3)
  230 foxfires
246 creatures vanquished.

Grand Total: 314 creatures vanquished

Notes
Turn   | Place    | Note
-------+----------+-------------------------------------------
     0 | D:1      | sokol815 the Octopode Fire Elementalist began the quest for
                  | the Orb.
     0 | D:1      | Reached XP level 1. HP: 11/11 MP: 3/3
   271 | D:1      | Reached skill level 2 in Conjurations
   271 | D:1      | Reached XP level 2. HP: 17/17 MP: 0/5
   900 | D:2      | Found a faded altar of an unknown god.
  1179 | D:2      | Reached skill level 3 in Conjurations
  1179 | D:2      | Reached XP level 3. HP: 21/21 MP: 0/6
  1281 | D:2      | HP: 3/21 [gnoll/+0 club (3)]
  1386 | D:2      | Reached XP level 4. HP: 21/27 MP: 2/7
  1765 | D:2      | Found a shadowy altar of Dithmenos.
  1998 | D:3      | Noticed Ijyb
  2033 | D:3      | Found a glowing drain.
  2037 | Sewer    | Entered a sewer
  2158 | Sewer    | Reached XP level 5. HP: 31/31 MP: 5/8
  2191 | Sewer    | Reached skill level 4 in Conjurations
  2191 | Sewer    | Reached skill level 4 in Fire Magic
  2201 | Sewer    | Found a viscous altar of Jiyva.
  2219 | Sewer    | Became a worshipper of Jiyva Jinoel the Shapeless
  2362 | D:3      | Reached XP level 6. HP: 36/36 MP: 7/9
  2440 | D:3      | Found a broken altar of Ashenzari.
  2590 | D:3      | Reached * piety under Jiyva
  2609 | D:3      | Killed Ijyb
  2616 | D:3      | Found a stormy altar of Qazlal.
  2617 | D:3      | Noticed a fire elemental
  2619 | D:3      | Noticed a water elemental
  2619 | D:3      | Noticed an air elemental
  3344 | D:4      | Found a staircase to the Ecumenical Temple.
  3415 | D:4      | HP: 7/36 [iguana (14)]
  3417 | D:4      | HP: 3/36 [iguana (5)]
  3418 | D:4      | Slain by an iguana

Illustrated notes

Levels and vault maps discovered:
D:1:      dpeg_arrival_long_road, layout_basic, roderic_lattice_a,
          dreamdust_princess_bridge, minmay_domino_2
D:2:      layout_loops_cross, nicolae_ecumenical_pavilion, basic_altar
D:3:      layout_loops_ring, nicolae_qazlal_style_of_elements,
          nicolae_ashenzari_skybound, gup_sewer_entry_bowl, minmay_circle_x,
          uniq_ijyb
D:4:      layout_basic, minmay_temple_entry_mini_moons, kennysheep_minor_cross,
          uniq_grinder, uniq_eustachio

Skill      XL: |  1  2  3  4  5 |
---------------+----------------+-----
Conjurations   | 2 3 4 |  4.6
Fire Magic     | 4 |  4.6
Dodging        | |  2.0
Stealth        | |  2.6
Spellcasting   | |  2.0

Action                   |  1- 3 |  4- 6 || total
-------------------------+-------+-------++-------
Melee: Trident           |    21 |    20 ||    41
       Constrict         |     4 |     5 ||     9
       Tentacles         |     1 |     2 ||     3
       Punch             |     1 |     1 ||     2
       Short sword       |       |     8 ||     8
 Cast: Foxfire           |    43 |    96 ||   139
 Stab: Sleeping          |     4 |       ||     4
Armor: Skin              |     2 |       ||     2
Dodge: Dodged            |     9 |     7 ||    16

Table legend: (Time is in decaauts)
 A = Elapsed time spent in this place.
 B = Non-inter-level travel time spent in this place.
 C = Inter-level travel time spent in this place.
 D = Time resting spent in this place.
 E = Time spent auto-exploring this place.
 F = Levels seen in this place.
 G = Mean time per level.
                   A        B        C        D        E       F      G
               +--------+--------+--------+--------+--------+-----+--------+
         Total |   3428 |   3342 |     86 |    333 |   2502 |   5 |  685.6 |
       Dungeon |   3181 |   3095 |     86 |    330 |   2361 |   4 |  795.2 |
         Sewer |    247 |    247 |      0 |      3 |    141 |   1 |  247.0 |
               +--------+--------+--------+--------+--------+-----+--------+

Top non-repeatable levels by time:
     D:2: 1087 daAuts
     D:1: 902 daAuts
     D:3: 899 daAuts
     D:4: 292 daAuts
   Sewer: 247 daAuts

Table legend:
 A = Kills in this place as a percentage of kills in entire the game.
 B = Kills by you in this place as a percentage of kills by you in the entire game.
 C = Kills by friends in this place as a percentage of kills by friends in the entire game.
 D = Other kills in this place as a percentage of other kills in the entire game.
 E = Experience gained in this place as a percentage of experience gained in the entire game.
 F = Experience gained in this place divided by the number of levels of this place that you have seen.
                   A       B       C       D       E      F
               +-------+-------+-------+-------+-------+----------------------
         Total | 100.0 | 100.0 |   N/A |   N/A | 100.0 |  67.8
       Dungeon |  67.6 |  67.6 |   N/A |   N/A |  42.5 |  36.0
         Sewer |  32.4 |  32.4 |   N/A |   N/A |  57.5 | 195.0
               +-------+-------+-------+-------+-------+----------------------
